 Dungeon Crawl Stone Soup version 0.32-a0-132-g2d33c3cfaf (webtiles) character file.

Game seed: 5472271006536431658

24929 Bobodoro the Swashbuckler (level 13, -2/80 HPs)
             Began as a Kobold Delver on Feb 9, 2024.
             Slain by an alligator (15 damage)
             ... on level 3 of the Lair of Beasts.
             The game lasted 03:11:49 (12537 turns).

Bobodoro the Swashbuckler (Kobold Delver)          Turns: 12537, Time: 03:11:50

Health: -2/80      AC: 12    Str:  9    XL:     13   Next: 46%
Magic:  22/24      EV: 43    Int: 14    God:
Gold:   790        SH:  0    Dex: 25    Spells: 21/27 levels left

rFire   . . .        b - +6 dagger (venom)
rCold   . . .        (no shield)
rNeg    . . .        w - +5 ring mail {Will+}
rPois   .            (no helmet)
rElec   .            c - +0 cloak
rCorr   .            (no gloves)
SInv    .            H - +0 pair of boots
Will    +....        m - amulet of the acrobat
Stlth   ++++++       u - +5 ring of evasion
HPRegen 0.33/turn    y - +6 ring of dexterity
MPRegen 0.19/turn

%: acrobat
@: acrobatic, on blink cooldown
A: small, no large weapons, nightstalker 3, hooves 1, sense surroundings 1
a: no special abilities


You were on level 3 of the Lair of Beasts.
You visited 2 branches of the dungeon, and saw 11 of its levels.
You also visited: Bailey.

You collected 790 gold pieces.

Inventory:

Hand Weapons
 b - a +6 dagger of venom (weapon)
Armour
 c - a +0 cloak (worn)
 h - a +3 leather armour of fire resistance
 o - a +0 robe
 w - a +5 ring mail of willpower (worn)
 H - a +0 pair of boots (worn)
Magical Staves
 k - a staff of cold
Jewellery
 e - an amulet of guardian spirit
 f - a ring of positive energy
 m - an amulet of the acrobat (around neck)
 u - a +5 ring of evasion (left hand)
 y - a +6 ring of dexterity (right hand)
 E - a +6 ring of strength
Wands
 a - a wand of quicksilver (12)
 g - a wand of digging (3)
Scrolls
 d - 2 scrolls of revelation
 i - a scroll of poison
 p - 4 scrolls of amnesia
 s - 6 scrolls of vulnerability
 t - 2 scrolls of teleportation
 x - a scroll of fear
 z - a scroll of fog
 A - a scroll of silence {unknown}
 G - a scroll of noise
Potions
 j - a potion of invisibility {unknown}
 l - 2 potions of haste
 n - 3 potions of might
 q - a potion of cancellation {unknown}
 r - a potion of attraction {unknown}
 v - a potion of degeneration {unknown}
 B - a potion of resistance {unknown}
 C - a potion of enlightenment {unknown}
Miscellaneous
 D - a box of beasts (inert)


   Skills:
 * Level 9.4 Fighting
 * Level 17.7 Short Blades
 - Level 3.0 Throwing
 + Level 14.0 Dodging
 * Level 11.4 Stealth
 - Level 7.9 Spellcasting
 * Level 7.9 Translocations
 - Level 4.0 Evocations


You had 21 spell levels left.
You knew the following spells:

 Your Spells              Type           Power      Damage    Failure   Level
a - Blink                 Tloc           54%        N/A       2%          2
b - Iskenderun's Mystic   Conj/Tloc      16%        2d5       56%         4

Your spell library contained the following spells:

 Spells                   Type           Power      Damage    Failure   Level
 Static Discharge         Conj/Air       10%        3-4/arc   50%         2
 Dimensional Bullseye     Hex/Tloc       8%         N/A       56%         4
 Frozen Ramparts          Ice            10%        1d2       73%         3
 Inner Flame              Hex/Fire       5%         N/A       73%         3
 Tukima's Dance           Hex            5%         N/A       73%         3
 Airstrike                Air            2%         2d(1-17)  98%         4
 Flame Wave               Conj/Fire      5%         2d5       98%         4
 Leda's Liquefaction      Alch/Erth      2%         N/A       98%         4
 Petrify                  Alch/Erth      5%         N/A       98%         4
 Sticky Flame             Fire/Alch      5%         2d4       98%         4
 Summon Lightning Spire   Summ/Air       5%         N/A       98%         4
 Metabolic Englaciation   Hex/Ice        2%         N/A       100%        5
 Sculpt Simulacrum        Ice/Alch       2%         N/A       100%        6
 Haunt                    Necr/Summ      2%         N/A       100%        7
 Borgnjor's Revivificati  Necr           2%         N/A       100%        8
 Disjunction              Tloc           13%        N/A       100%        8
 Death's Door             Necr           2%         N/A       100%        9


Dungeon Overview and Level Annotations

Branches:
Dungeon (8/15)             Temple (0/1) D:6            Lair (3/5) D:8
  Snake (0/4) Lair:2       Bailey (visited)
  Swamp: Lair:2-3    Shoals: Lair:2-3

Altars:
Fedhas
Gozag
Qazlal
Sif Muna
Wu Jian
Yredelemnul
Zin

Shops:
D:2 :   D:8 (

Annotations:
D:5 audacious124's ghost, amateur DsEE
D:6 1 runed translucent door, Azoth's ghost, novice HuGl
D:8 1 transporter


Innate Abilities, Weirdness & Mutations

You are small and have problems with some larger weapons.
You are completely attuned to the shadows.
You have large cloven feet.
You passively map a small area around you.


Message History

You hit the alligator.
The alligator looks even sicker.
The alligator is heavily wounded.
The alligator misses you. The alligator completely misses you.
The alligator misses you. The alligator bites you!
The alligator drags you backwards! The alligator barely misses you.
The alligator completely misses you. The alligator completely misses you. x2
The alligator completely misses you. x2
The alligator completely misses you. The alligator misses you.
The alligator hisses menacingly.
The alligator completely misses you. x2
The alligator completely misses you. x2
The alligator misses you. The alligator completely misses you.
The alligator completely misses you. x2
The alligator misses you. The alligator completely misses you.
The alligator completely misses you. The alligator misses you.
The alligator completely misses you. The alligator bites you!
* * * LOW HITPOINT WARNING * * *
The alligator completely misses you. x2
The alligator completely misses you. x2
You closely miss the alligator.
The alligator is severely wounded.
The alligator barely misses you. The alligator misses you.
You hit the alligator.
The alligator looks even sicker.
Your punch misses the alligator.
The alligator is severely wounded.
The alligator misses you. The alligator completely misses you.
The alligator completely misses you. x2
The alligator tail-slaps you but does no damage.
The alligator bites you!
* * * LOW HITPOINT WARNING * * *
Casting: Blink (safe; 2% risk of failure)
Confirm with . or Enter, or press ? or * to list all spells.
You blink.
You feel ready to blink again.
Casting: Blink (safe; 2% risk of failure)
Confirm with . or Enter, or press ? or * to list all spells.
You blink.
The alligator completely misses you. The alligator bites you!
You die...

......................, ,
.P................>..., ,
.##...................
..........#.#.#....... ,
.........## ####...##.
.....#..... #.....## ,, , , ,
.P....P..## ###....# .......
.#.......# #...P#*##..$...
.#........ * #@l§## #......?
..#.##.... * #...# #...#..
....†....#* #...# #.....#* *
.........# ##...## #.§.### #
..........#####.....# ##...####.#
....................###..........
.................................
.........................†.......
...............................P.


You could see an alligator (very poisoned).

Vanquished Creatures
  An orc warlord (Bailey)
  A catoblepas (Lair:3)
  21 elephants
  6 black mambas
  3 cane toads (Lair:2)
  Maggie (Lair:2)
  A rime drake (Lair:3)
  9 komodo dragons
  A polar bear (Lair:2)
  2 hornets (D:6)
  3 wyverns
  9 yaks
  A basilisk (Lair:1)
  7 water moccasins
  An ice beast (D:6)
  3 orc warriors (Bailey)
  A sky beast (D:6)
  3 black bears
  2 ogres (D:5)
  9 wolves
  2 phantoms (D:6)
  2 centaurs
  A kobold brigand (D:6)
  7 bullfrogs
  2 scorpions
  8 wights
  A killer bee (D:8)
  A howler monkey (D:8)
  2 hounds (D:6)
  3 orc priests
  4 bombardier beetles
  A gnoll bouda (D:6)
  A jelly (D:6)
  A sleepcap (D:5)
  6 iguanas
  6 orc wizards
  3 gnolls (D:4)
  9 adders
  2 shadow imps
  4 white imps
  A ribbon worm (D:4)
  30 orcs
  7 endoplasms
  2 giant cockroaches
  10 goblins
  7 hobgoblins
  7 jackals
  3 quokkas
  7 ball pythons
  4 bats
  3 frilled lizards (D:2)
  13 kobolds
  5 rats
  2 butterflies (Lair:2)
252 creatures vanquished.

Vanquished Creatures (collateral kills)
  A yak (Lair:2)
1 creature vanquished.

Vanquished Creatures (others)
  A shadow imp (D:8)
1 creature vanquished.

Grand Total: 254 creatures vanquished

Notes
Turn   | Place    | Note
-------+----------+-------------------------------------------
     0 | D:5      | Bobodoro the Kobold Delver began the quest for the Orb.
     0 | D:5      | Reached XP level 1. HP: 14/14 MP: 1/1
    58 | D:4      | Noticed an iguana
   195 | D:1      | Got the Vademecum on Arctic Space
   661 | D:1      | Reached skill level 1 in Spellcasting
   672 | D:1      | Reached XP level 2. HP: 18/19 MP: 3/3
  1252 | D:2      | Reached XP level 3. HP: 23/23 MP: 6/6
  1254 | D:2      | Found an ornate altar of the Wu Jian Council.
  1405 | D:2      | Found Siaclu's Book Shoppe.
  1415 | D:2      | Reached XP level 4. HP: 28/28 MP: 8/8
  1898 | D:3      | Noticed a sky beast
  1902 | D:3      | Found a stormy altar of Qazlal.
  2080 | D:3      | Found a faded altar of an unknown god.
  2176 | D:3      | Reached XP level 5. HP: 23/32 MP: 8/10
  2685 | D:3      | Learned a level 2 spell: Blink
  3028 | D:3      | You fall into a shaft and drop 3 floors!
  3100 | D:5      | Reached XP level 6. HP: 29/37 MP: 11/11
  3220 | D:4      | Reached skill level 5 in Dodging
  3413 | D:4      | Reached skill level 1 in Throwing
  3560 | D:4      | Found a basalt altar of Yredelemnul.
  3866 | D:4      | Reached skill level 3 in Short Blades
  3899 | D:4      | Found a shimmering blue altar of Sif Muna.
  3899 | D:4      | Found an opulent altar of Gozag.
  4009 | D:4      | Reached skill level 1 in Evocations
  4331 | D:5      | Found a blossoming altar of Fedhas.
  4347 | D:5      | Noticed an ogre
  4567 | D:5      | Noticed an ogre
  4637 | D:5      | Reached XP level 7. HP: 38/41 MP: 12/12
  4840 | D:5      | Found a transporter.
  4861 | D:5      | Noticed audacious124's ghost (amateur DsEE)
  4887 | D:5      | Identified the +7 dire flail of the Distant Future {flame,
                  | rPois rF+ rN++ Int-3}
  5091 | D:4      | Reached skill level 4 in Short Blades
  5231 | D:5      | Reached skill level 5 in Short Blades
  5330 | D:5      | Reached XP level 8. HP: 35/48 MP: 14/14
  5493 | D:6      | Reached skill level 6 in Short Blades
  5497 | D:6      | Noticed a hornet
  5590 | D:6      | Killed a hornet
  5591 | D:6      | Reached skill level 7 in Short Blades
  5591 | D:6      | Reached skill level 1 in Translocations
  5623 | D:6      | Reached XP level 9. HP: 47/52 MP: 16/16
  5810 | D:6      | Reached skill level 8 in Short Blades
  5810 | D:6      | Reached skill level 5 in Spellcasting
  5820 | D:6      | Reached skill level 5 in Fighting
  5830 | D:6      | Found a runed translucent door.
  5832 | D:6      | Noticed Azoth's ghost (novice HuGl)
  5852 | D:6      | Found a staircase to the Ecumenical Temple.
  5883 | D:6      | Noticed a hornet
  5889 | D:6      | Killed a hornet
  5890 | D:6      | Reached skill level 9 in Short Blades
  6281 | D:6      | Reached skill level 10 in Short Blades
  6882 | D:7      | Found a flagged portal.
  6888 | Bailey   | Entered a bailey
  7019 | Bailey   | Found a runed translucent gate.
  7048 | Bailey   | Found a runed translucent gate.
  7049 | Bailey   | Found a runed translucent gate.
  7067 | Bailey   | Reached XP level 10. HP: 60/60 MP: 18/18
  7138 | Bailey   | Noticed an orc warlord
  7210 | Bailey   | Killed an orc warlord
  7211 | Bailey   | Reached skill level 11 in Short Blades
  7381 | D:7      | Reached skill level 15 in Short Blades
  7381 | D:7      | Reached XP level 11. HP: 65/65 MP: 19/19
  7710 | D:8      | Found a transporter.
  7750 | D:8      | Found a transporter.
  7752 | D:8      | Noticed a two-headed ogre
  7838 | D:8      | Found a glowing silver altar of Zin.
  7912 | D:8      | Found Amniomuh's Antique Weapon Shoppe.
  7972 | D:8      | Noticed a red ugly thing
  8082 | D:8      | Reached skill level 16 in Short Blades
  8323 | D:8      | Found a staircase to the Lair.
  8495 | Lair:1   | Entered Level 1 of the Lair of Beasts
  8603 | Lair:1   | Noticed an elephant
  8604 | Lair:1   | Noticed an elephant
  8623 | Lair:1   | Noticed an elephant
  8650 | Lair:1   | Killed an elephant
  8681 | Lair:1   | Killed an elephant
  8800 | Lair:1   | Gained mutation: You possess an exceptional clarity of
                  | mind. [potion of mutation]
  8800 | Lair:1   | Gained mutation: You are clumsy. (Dex -2) [potion of
                  | mutation]
  8800 | Lair:1   | Gained mutation: You passively dampen the noise of your
                  | surroundings. [potion of mutation]
  8826 | Lair:1   | Lost mutation: You possess an exceptional clarity of mind.
                  | [potion of mutation]
  8826 | Lair:1   | Lost mutation: You are clumsy. (Dex -2) [potion of
                  | mutation]
  8826 | Lair:1   | Gained mutation: Your system is resistant to poisons.
                  | (rPois) [potion of mutation]
  8826 | Lair:1   | Gained mutation: You are resistant to electric shocks.
                  | (rElec) [potion of mutation]
  8827 | Lair:1   | Lost mutation: You passively dampen the noise of your
                  | surroundings. [potion of mutation]
  8827 | Lair:1   | Lost mutation: Your system is resistant to poisons. (rPois)
                  | [potion of mutation]
  8827 | Lair:1   | Lost mutation: You are resistant to electric shocks.
                  | (rElec) [potion of mutation]
  8827 | Lair:1   | Gained mutation: Your natural rate of healing is unusually
                  | fast. [potion of mutation]
  8827 | Lair:1   | Gained mutation: Your mind is acute. (Int +4, Str/Dex -1)
                  | [potion of mutation]
  8828 | Lair:1   | Lost mutation: Your mind is acute. (Int +4, Str/Dex -1)
                  | [potion of mutation]
  8828 | Lair:1   | Lost mutation: Your natural rate of healing is unusually
                  | fast. [potion of mutation]
  8828 | Lair:1   | Gained mutation: You are agile. (Dex +4, Str/Int -1)
                  | [potion of mutation]
  8828 | Lair:1   | Gained mutation: You have large cloven feet. [potion of
                  | mutation]
  8828 | Lair:1   | Lost mutation: You are agile. (Dex +4, Str/Int -1) [potion
                  | of mutation]
  8828 | Lair:1   | Gained mutation: You passively map a small area around you.
                  | [potion of mutation]
  8834 | Lair:1   | Noticed an elephant
  8834 | Lair:1   | Noticed an elephant
  8837 | Lair:1   | Noticed an elephant
  8838 | Lair:1   | Killed an elephant
  8839 | Lair:1   | Reached XP level 12. HP: 72/72 MP: 21/21
  8990 | Lair:1   | Reached skill level 17 in Short Blades
  9281 | Lair:1   | Upgraded the game from 0.32-a0-131-g9dbbe29261 to
                  | 0.32-a0-132-g2d33c3cfaf
 10415 | Lair:2   | Reached skill level 10 in Stealth
 10771 | Lair:2   | Noticed a boulder beetle
 10860 | Lair:2   | Found a basalt altar of Yredelemnul.
 10948 | Lair:2   | Reached XP level 13. HP: 60/80 MP: 24/24
 11030 | Lair:2   | Found a staircase to the Snake Pit.
 11038 | Lair:2   | Noticed Maggie
 11432 | Lair:2   | Killed Maggie
 12220 | Lair:3   | Learned a level 4 spell: Iskenderun's Mystic Blast
 12409 | Lair:3   | Noticed a catoblepas
 12421 | Lair:3   | Killed a catoblepas
 12457 | Lair:3   | Noticed an alligator
 12537 | Lair:3   | Slain by an alligator

Illustrated notes

Levels and vault maps discovered:
D:1:      lordsloth_arrival_two_stooges, layout_loops_corners
D:2:      layout_basic, basic_altar, serial_shops, nicolae_book_shop_shelving
D:3:      layout_basic, nicolae_qazlal_beasts_of_the_sky,
          hellmonk_ecumenical_altar_leap_of_faith, grunt_ministairs_10,
          st_stairs_8, hangedman_decor_push, nrook_campfire
D:4:      layout_layer_cave, mainiacjoe_overflow_tiny_flanked,
          gammafunk_temple_overflow_elements
D:5:      layout_loops_ring, kennysheep_mini_moat, gammafunk_ghost_smash
D:6:      hangedman_cross_stitches, layout_loops_corners,
          minmay_temple_entry_statues_pillars, ebering_ghost_inner_flame
D:7:      layout_gridville, enter_bailey_2, kennysheep_pointless_box
D:8:      minmay_spotlight, layout_loops_ring, mainiacjoe_overflow_paths,
          dpeg_lair_monsters, serial_shops, shop, nzn_ghost_randoct
Lair:1:   layout_cave_pods, grunt_megastairs_2
Lair:2:   layout_roguey, dummy_snake_entry, basic_altar, lemuel_old_faithful,
          lemuel_fruit_fields, uniq_maggie
Lair:3:   layout_chaotic_city, mainiacjoe_swamp_entry_lozenge_pond,
          lemuel_fruit_fields

Skill      XL: |  1  2  3  4  5  6  7  8  9 10 11 12 13 |
---------------+----------------------------------------+-----
Spellcasting   | 1 2 3 4 5 6 7 |  7.9
Dodging        | 3 4 5 6 7 8 11 13 14 | 14.0
Throwing       | 1 2 3 |  3.0
Short Blades   | 3 5 7 10 15 16 17 | 17.7
Evocations     | 1 2 3 4 |  4.0
Fighting       | 4 5 6 7 8 9 |  9.4
Translocations | 1 2 6 7 |  7.9
Stealth        | 7 8 9 10 11 | 11.4

Action                     |  1- 3 |  4- 6 |  7- 9 | 10-12 | 13-15 || total
---------------------------+-------+-------+-------+-------+-------++-------
  Melee: Short sword       |    17 |   183 |       |       |       ||   200
         Dagger            |    46 |    78 |   256 |   465 |   126 ||   971
         Punch             |     2 |    13 |    31 |    52 |    21 ||   119
         Kick              |       |       |       |    55 |       ||    55
  Throw: Dart              |     1 |    12 |     2 |       |       ||    15
         Boomerang         |       |       |     8 |     1 |       ||     9
         Throwing net      |       |       |       |       |     1 ||     1
   Cast: Blink             |       |     2 |       |     1 |     3 ||     6
  Evoke: Box of beasts     |       |       |       |     1 |     1 ||     2
    Use: Scroll            |       |    10 |     9 |     6 |     2 ||    27
         Potion            |       |     3 |     3 |    12 |       ||    18
   Stab: Sleeping          |    21 |    13 |    12 |    18 |     8 ||    72
         Distracted        |       |       |     1 |     2 |     1 ||     4
         Held in net/web   |       |       |       |       |     1 ||     1
 Armour: Leather armour    |     6 |    83 |       |       |       ||    89
         Robe              |     6 |     2 |     2 |       |       ||    10
         Ring mail         |       |     5 |    47 |   146 |    80 ||   278
         Skin              |       |       |     2 |       |       ||     2
  Dodge: Dodged            |    29 |   173 |   217 |   868 |   441 ||  1728

Table legend: (Time is in decaauts)
 A = Elapsed time spent in this place.
 B = Non-inter-level travel time spent in this place.
 C = Inter-level travel time spent in this place.
 D = Time resting spent in this place.
 E = Time spent auto-exploring this place.
 F = Levels seen in this place.
 G = Mean time per level.
                   A        B        C        D        E       F      G
               +--------+--------+--------+--------+--------+-----+--------+
         Total |  12051 |   7360 |   4691 |   1463 |   1183 |  12 | 1004.2 |
       Dungeon |   7854 |   4122 |   3732 |    309 |   1183 |   8 |  981.8 |
          Lair |   3862 |   2903 |    959 |   1154 |      0 |   3 | 1287.3 |
        Bailey |    333 |    333 |      0 |      0 |      0 |   1 |  333.0 |
               +--------+--------+--------+--------+--------+-----+--------+

Top non-repeatable levels by time:
  Lair:1: 1760 daAuts
  Lair:2: 1483 daAuts
     D:3: 1443 daAuts
     D:4: 1186 daAuts
     D:5: 1141 daAuts
     D:6: 1075 daAuts
     D:1: 980 daAuts
     D:7: 758 daAuts
     D:8: 708 daAuts
  Lair:3: 619 daAuts
     D:2: 560 daAuts
  Bailey: 333 daAuts
